 Dungeon Crawl Stone Soup version 0.27-a0-1579-g97d2440184 (webtiles) character file.

Game seed: 15914249671997416950

966 Spaninq the Chopper (level 7, -2/47 (59) HPs)
             Began as a Palentonga Berserker on July 17, 2021.
             Was a Priest of Trog.
             Slain by a wight (3 damage)
             ... on level 6 of the Dungeon.
             The game lasted 00:13:27 (5293 turns).

Spaninq the Chopper (Palentonga Berserker)          Turns: 5293, Time: 00:13:27

HP:   -2/47 (59)    AC: 17    Str: 21    XL:     7   Next: 93%
MP:   7/7           EV:  6    Int:  8    God:    Trog [***...]
Gold: 231           SH:  5    Dex: 10    Spells: 6/6 levels left

rFire    . . .     SeeInvis +   h - +0 war axe
rCold    . . .     Faith    .   (no shield)
rNeg     . . .     Spirit   .   r - +0 chain mail
rPois    .         Reflect  +   (no helmet)
rElec    .         Harm     .   (no cloak)
rCorr    .         Rampage  .   f - +1 pair of gloves
Will     .....                  (no barding)
Stlth    ..........             m - amulet of reflection
HPRegen  0.15/turn              (no ring)
MPRegen  0.10/turn              (no ring)

@: studying Fighting, heavily drained, curled up
A: large, rugged brown scales 3, see invisible, deformed body, roll 1, armoured
tail, reflexive curl
a: Rolling Charge, Renounce Religion, Berserk, Trog's Hand


You were on level 6 of the Dungeon.
You worshipped Trog.
Trog was most pleased with you.
You visited 1 branch of the dungeon, and saw 6 of its levels.
You also visited: Sewer.

You collected 231 gold pieces.

Inventory:

Hand Weapons
 h - a +0 war axe (weapon)
Armour
 a - a +0 troll leather armour {Purgy}
 f - a +1 pair of gloves (worn)
 r - a +0 chain mail (worn)
 u - a +0 kite shield
Jewellery
 m - an amulet of reflection (around neck)
 y - a ring of see invisible
Wands
 c - a wand of flame (15)
 s - a wand of polymorph (3)
Scrolls
 d - a scroll of teleportation
 g - 2 scrolls of fog
 k - a scroll of fear
 n - a scroll of identify
 v - a scroll of magic mapping
 w - a scroll of holy word
Potions
 b - 2 potions of curing
 e - 2 potions of flight
 i - a potion of ambrosia {unknown}
 j - 2 potions of haste {unknown}
 l - a potion of might {unknown}
 p - a potion of resistance {unknown}
 t - a potion of magic {unknown}
 z - a potion of lignification {unknown}


   Skills:
 + Level 5.3 Fighting
 * Level 6.3 Axes
 + Level 3.6 Armour
 + Level 3.5 Dodging
 + Level 1.5 Shields


You had 6 spell levels left.
You didn't know any spells.
Your spell library was empty.

Dungeon Overview and Level Annotations

Branches:
Dungeon (6/15)             Temple (0/1) D:4           Sewer (visited)

Altars:

Annotations:
D:3 2 runed translucent doors, Wyvernaa's ghost, amateur VSFi


Innate Abilities, Weirdness & Mutations

You are completely covered in rugged brown scales. (AC +3, +7% HP)
You have supernaturally acute eyesight. (SInv)
Armour fits poorly on your strangely shaped body.
You can roll at nearby foes to attack.
You have a long armoured tail.
You curl defensively after being hit.


Message History

You feel drained.
You hit the wight but do no damage.
The wight is moderately damaged.
You block the wight's attack.
You closely miss the wight. You tail-slap the wight.
The wight is heavily damaged.
The wight closely misses you.
You hit the wight.
You tail-slap the wight, but do no damage.
The wight is heavily damaged.
The wight hits you with a +0 short sword.
You feel drained.
You slash the wight!
You destroy the wight!
Trog accepts your kill.
You hit the wight but do no damage. The wight hits you with a +2 scimitar.
A wight comes into view. It is wielding a +2 short sword.
The wight hits you but does no damage.
You barely miss the wight. You tail-slap the wight.
The wight is lightly damaged.
The wight hits you but does no damage.
You slash the wight!
You destroy the wight!
Trog accepts your kill.
You barely miss the wight. You tail-slap the wight.
The wight is moderately damaged.
The wight hits you with a +2 scimitar.
You feel drained.
You barely miss the wight.
The wight is moderately damaged.
The wight hits you with a +2 scimitar!
* * * LOW HITPOINT WARNING * * *
You hit the wight.
The wight is moderately damaged.
The wight barely misses you.
You hit the wight.
The wight is severely damaged.
The wight hits you with a +2 scimitar!
* * * LOW HITPOINT WARNING * * *
You feel drained.
You die...

##_,,***_,_***,,_*,,,,,,,* **
.##*,,**,,,**,,*********,*
#.#**,,,,,,,,,**,* *,*
.####***,,,*****,** *,* #.#.#
**_**,##,*,##** *,********
##.## ****,,.#*#$,,* *,,,,,,,,,
#.# ****z#.**,* *,,****,** #.#
*#z#**,***,,****,*
#.#############@# *,,,,,,,,,,,*
#...............#******,,******
###############.......(,,*
#......$.,** #########**


You could see 2 wights.

Vanquished Creatures
  Duvessa (D:4)
  Purgy (Sewer)
  A necrophage (D:4)
  A kobold brigand (Sewer)
  Dowan (D:4)
  A water moccasin zombie (D:6)
  A water moccasin skeleton (D:5)
  2 wights (D:6)
  A jelly (D:5)
  An orc priest (D:4)
  2 hounds
  2 iguanas
  A hound skeleton (D:4)
  A river rat (D:6)
  8 adders
  A white imp (D:5)
  An adder skeleton (D:5)
  A dart slug (D:2)
  7 orcs
  15 ball pythons
  2 bats
  5 endoplasms
  3 giant cockroaches
  3 goblins
  11 hobgoblins
  10 kobolds
  2 quokkas
  8 frilled lizards
  6 rats
100 creatures vanquished.

Notes
Turn   | Place    | Note
-------+----------+-------------------------------------------
     0 | D:1      | Spaninq the Palentonga Berserker began the quest for the
                  | Orb.
     0 | D:1      | Reached XP level 1. HP: 19/19 MP: 1/1
   393 | D:1      | Reached XP level 2. HP: 22/25 MP: 2/2
  1208 | D:2      | Reached ** piety under Trog
  1209 | D:2      | Reached XP level 3. HP: 31/31 MP: 3/3
  1634 | D:3      | Found a faded altar of an unknown god.
  1780 | D:3      | Reached XP level 4. HP: 33/37 MP: 4/4
  2062 | D:3      | Found a large runed translucent door.
  2063 | D:3      | Found a large runed translucent door.
  2066 | D:3      | Noticed Wyvernaa's ghost (amateur VSFi)
  2073 | D:3      | Reached skill level 4 in Axes
  2285 | D:4      | Found a staircase to the Ecumenical Temple.
  2729 | D:4      | Noticed a necrophage
  2733 | D:4      | Killed a necrophage
  2734 | D:4      | Reached XP level 5. HP: 41/44 MP: 5/5
  3005 | D:4      | Reached *** piety under Trog
  3041 | D:4      | Reached XP level 6. HP: 17/51 MP: 6/6
  3252 | D:4      | Noticed Dowan
  3253 | D:4      | Noticed Duvessa
  3290 | D:4      | Killed Duvessa
  3291 | D:4      | Reached skill level 5 in Axes
  3292 | D:4      | Killed Dowan
  3629 | D:5      | Entered Level 5 of the Dungeon
  3963 | D:5      | Gained mutation: You curl defensively after being hit.
                  | [Palentonga growth]
  3963 | D:5      | Reached XP level 7. HP: 51/58 MP: 7/7
  4623 | D:6      | Identified a scroll of acquirement
  4623 | D:6      | Acquired a manual of Fighting
  4672 | D:6      | Reached skill level 1 in Shields
  4681 | D:6      | Found a glowing drain.
  4697 | Sewer    | Entered a sewer
  4859 | Sewer    | Reached skill level 6 in Axes
  5126 | Sewer    | Noticed Purgy
  5137 | Sewer    | Killed Purgy
  5138 | Sewer    | Reached skill level 5 in Fighting
  5141 | Sewer    | Identified the +1 flail "Xuqohuow" {freeze, rPois}
  5293 | D:6      | HP: 1/48 [wight (7)]
  5293 | D:6      | Slain by a wight

Illustrated notes

Levels and vault maps discovered:
D:1:      lemuel_arrival_hallway, layout_basic, minmay_hedge_maze
D:2:      layout_basic
D:3:      layout_basic, ebering_ghost_disaster_area,
          shapermc_ecumenical_altar_starsandcircs, kennysheep_generic_room_9
D:4:      layout_gridville, minmay_temple_entry_glass, uniq_duvessa
D:5:      layout_loops_cross
D:6:      layout_loops_ring, chequers_temple_overflow_minitemple,
          portal_sewer_entry_e, uniq_menkaure

Skill      XL: |  1  2  3  4  5  6  7 |
---------------+----------------------+-----
Armour         | 2 3 |  3.6
Dodging        | 2 3 |  3.5
Axes           | 4 5 6 |  6.3
Fighting       | 4 5 |  5.3
Shields        | 1 |  1.5

Action                   |  1- 3 |  4- 6 |  7- 9 || total
-------------------------+-------+-------+-------++-------
Melee: Hand axe          |    75 |   117 |    42 ||   234
       Tailslap          |    10 |    16 |     8 ||    34
       Dagger            |    25 |    20 |       ||    45
       Unarmed           |       |     5 |       ||     5
       War axe           |       |       |    67 ||    67
Invok: Berserk           |       |     1 |     2 ||     3
 Abil: Rolling Charge    |    24 |    16 |     6 ||    46
Evoke: Wand              |       |     1 |       ||     1
  Use: Scroll            |       |       |    12 ||    12
 Stab: Confused          |       |     1 |       ||     1
Armor: Scale mail        |    39 |    29 |       ||    68
       Chain mail        |       |    33 |    45 ||    78
       Skin              |       |     1 |       ||     1
Dodge: Dodged            |    31 |    41 |    28 ||   100
Block: Other             |     2 |    37 |    18 ||    57
       Reflection        |       |       |     1 ||     1

Table legend: (Time is in decaauts)
 A = Elapsed time spent in this place.
 B = Non-inter-level travel time spent in this place.
 C = Inter-level travel time spent in this place.
 D = Time resting spent in this place.
 E = Time spent auto-exploring this place.
 F = Levels seen in this place.
 G = Mean time per level.
                   A        B        C        D        E       F      G
               +--------+--------+--------+--------+--------+-----+--------+
         Total |   5346 |   5206 |    140 |   1011 |   3229 |   7 |  763.7 |
       Dungeon |   4812 |   4672 |    140 |    653 |   3208 |   6 |  802.0 |
         Sewer |    534 |    534 |      0 |    357 |     21 |   1 |  534.0 |
               +--------+--------+--------+--------+--------+-----+--------+

Top non-repeatable levels by time:
     D:4: 1388 daAuts
     D:1: 1164 daAuts
     D:5: 933 daAuts
     D:3: 668 daAuts
   Sewer: 534 daAuts
     D:2: 430 daAuts
     D:6: 226 daAuts
